Map: Nightshade LE

Players

HeroMarine - Winner!

  • Race: Terran Terran
  • Spawn Location: 5:00

DnS

  • Race: Protoss Protoss
  • League: Grandmaster
  • Spawn Location: 11:00

Event: StayAtHomestory Cup #1

VOD

Have the link to the VOD?

Description

Time

  • Played on: April 10, 2020, 4:33 p.m.
  • Length: 14:13

All games in this series

Show
View Real Time Build Order
Export as new Build Order

HeroMarine Terran - Winner!

Build Orders: Reaper Expand 

Get SALT Encoding   

  12  0:00  SCV  
  13  0:13  SCV  
  14  0:17  Supply Depot  
  14  0:25  SCV  
  15  0:38  SCV  
  15  0:40  Barracks  
  16  0:43  Refinery  
  16  0:51  SCV  
  17  1:03  SCV  
  18  1:15  SCV  
  19  1:27  Reaper  
  19  1:28  Orbital Command  
  20  1:46  Command Center  
  20  1:53  SCV  
  21  1:56  Supply Depot  
  21  1:58  Marine  
  22  2:05  SCV  
  23  2:12  Factory  
  23  2:18  SCV  
  23  2:22  Barracks Reactor, Bunker  
  24  2:30  SCV  
  24  2:31  Refinery  
  25  2:42  SCV  
  26  2:54  SCV  
  26  2:56  Hellion  
  29  2:58  Orbital Command  
  29  3:01  Starport, Marine  
  29  3:04  Marine  
  31  3:07  SCV  
  32  3:17  Widow Mine  
  32  3:19  SCV, Marine  
  36  3:22  Marine  
  36  3:24  SCV  
  38  3:27  Supply Depot  
  38  3:31  SCV  
  39  3:36  SCV, Marine  
  39  3:38  Medivac  
  39  3:40  Marine, Widow Mine  
  46  3:49  SCV x2  
  46  3:50  Barracks  
  48  3:55  Supply Depot  
  48  3:59  Marine  
  48  4:00  Marine  
  48  4:01  SCV x2  
  52  4:09  Engineering Bay, Starport Tech Lab  
  52  4:13  SCV x2  
  52  4:16  Factory Tech Lab  
  54  4:17  Marine  
  54  4:19  Barracks  
  55  4:25  SCV x2  
  55  4:30  Raven  
  55  4:31  Supply Depot  
  59  4:34  Refinery  
  59  4:37  SCV x2  
  61  4:41  Terran Infantry Weapons Level 1  
  61  4:48  Stimpack  
  61  4:49  SCV  
  61  4:52  SCV  
  63  4:53  Marauder, Marine x2  
  63  4:54  Supply Depot  
  65  5:02  SCV  
  65  5:04  SCV, Refinery  
  65  5:05  Supply Depot  
  67  5:08  Factory Reactor  
  67  5:10  Supply Depot  
  67  5:11  Marine x2  
  67  5:14  SCV  
  70  5:16  SCV, Marauder  
  70  5:20  Combat Shield  
  75  5:21  Marauder  
  75  5:27  SCV  
  76  5:28  SCV, Starport Reactor  
  76  5:30  Supply Depot  
  76  5:32  Marine x2  
  78  5:43  Marauder x2  
  78  5:46  Widow Mine x2  
  78  5:47  Supply Depot  
  86  5:50  Marine x2  
  88  5:59  Supply Depot  
  88  6:05  Medivac x2, Marauder x2  
  88  6:07  Marine  
  88  6:08  Marine  
  88  6:09  Supply Depot  
  98  6:12  Widow Mine x2  
  102  6:25  Marine x2  
  101  6:26  Marauder x2  
  107  6:35  Medivac, Terran Infantry Armor Level 1  
  107  6:38  Medivac  
  110  6:41  Widow Mine  
  110  6:42  Widow Mine  
  110  6:43  Supply Depot  
  110  6:45  Command Center  
  114  6:48  Marauder  
  114  6:51  Marine x2  
  114  7:03  Marauder  
  114  7:05  Medivac  
  116  7:09  SCV x2, Marauder, Barracks x2  
  113  7:21  SCV, Marine x2  
  104  7:24  SCV, Marauder  
  104  7:27  Medivac  
  104  7:28  Widow Mine  
  103  7:31  Marauder  
  103  7:33  SCV  
  103  7:36  SCV  
  104  7:39  Armory  
  104  7:43  Marine  
  104  7:44  Marine  
  94  7:45  SCV  
  94  7:48  SCV  
  94  7:49  Widow Mine  
  90  7:51  Marauder  
  90  7:52  Marauder  
  90  7:55  Widow Mine  
  90  7:58  SCV  
  97  7:59  Barracks Reactor  
  97  8:01  Marine x2  
  97  8:03  Orbital Command  
  97  8:04  Barracks Tech Lab  
  99  8:07  SCV  
  99  8:10  SCV  
  97  8:13  Marauder  
  97  8:15  Engineering Bay  
  97  8:19  SCV, Marauder, Marine x2  
  104  8:21  Liberator  
  104  8:23  Liberator  
  104  8:26  SCV  
  111  8:29  Terran Infantry Weapons Level 2  
  111  8:31  SCV, Marine  
  111  8:34  Marine  
  113  8:36  Refinery  
  113  8:37  Refinery  
  113  8:41  Marauder  
  116  8:43  Marine x3  
  116  8:44  Missile Turret  
  119  8:49  Terran Infantry Armor Level 2, Marauder  
  119  8:52  Marauder, Widow Mine  
  125  8:59  Supply Depot  
  125  9:02  Marauder  
  127  9:03  Concussive Shells  
  127  9:04  Widow Mine  
  127  9:05  Marine  
  127  9:06  Marine x2  
  132  9:10  Marauder  
  132  9:13  Marauder  
  136  9:18  Marine  
  136  9:22  Widow Mine  
  136  9:23  Marine  
  136  9:24  Marauder  
  140  9:26  Marine, Widow Mine, Ghost Academy  
  140  9:27  Command Center, Marine  
  140  9:30  Medivac x2  
  146  9:32  Marauder  
  146  9:35  Marauder  
  146  9:36  Marine  
  146  9:38  Supply Depot  
  151  9:41  Marine  
  151  9:43  SCV x2  
  151  9:44  Marine  
  151  9:45  SCV, Marauder  
  154  9:51  Marine  
  153  9:55  SCV x2  
  152  10:01  SCV  
  152  10:04  Marauder, Marine x2  
  152  10:05  Marauder, Marine  
  142  10:07  SCV x2  
  142  10:10  Marauder  
  142  10:12  Marine  
  129  10:14  Widow Mine x2  
  129  10:20  Enhanced Shockwaves  
  133  10:22  Marine x2  
  133  10:25  Ghost x2  
  139  10:28  Marine  
  139  10:29  Supply Depot  
  139  10:30  Marine  
  139  10:34  Bunker  
  142  10:42  SCV  
  142  10:43  SCV x2  
  142  10:46  Starport  
  144  10:54  SCV, Terran Infantry Weapons Level 3  
  144  10:55  SCV x2  
  144  10:56  Marauder x2  
  147  10:58  Marauder  
  147  11:02  Planetary Fortress  
  149  11:07  SCV x3  
  152  11:19  SCV, Missile Turret  
  152  11:22  Terran Infantry Armor Level 3, Ghost  
  152  11:25  Ghost  
  153  11:30  Refinery  
  153  11:32  Ghost  
  156  11:33  Refinery  
  156  11:42  Barracks  
  156  11:43  Terran Ship Weapons Level 1, Barracks x2  
  158  11:47  Marine  
  158  11:48  Medivac x2, Marine x3  
  163  11:55  SCV x2  
  163  11:56  SCV  
  163  12:01  Sensor Tower  
  165  12:06  Viking x2  
  169  12:08  Marine  
  169  12:09  Marine x3  
  169  12:11  Missile Turret  
  169  12:12  Marauder  
  169  12:13  Marauder x2  
  179  12:17  Missile Turret  
  179  12:19  Supply Depot  
  178  12:30  Barracks Reactor, Barracks Tech Lab  
  178  12:32  Fusion Core  
  178  12:33  Ghost x2  
  178  12:35  Marine x4  
  186  12:48  Barracks Tech Lab  
  186  12:49  Ghost  
  186  12:50  Viking  
  190  12:53  Command Center  
  190  13:03  Marauder  
  190  13:04  Marine  
  190  13:05  Marauder x2, Marine  
  188  13:10  Marauder, Marine x2  
  186  13:14  Marine  
  186  13:16  Liberator x2  
  186  13:17  Liberator  
  186  13:18  Ghost  
  188  13:23  Ghost  
  188  13:24  Marine x2  
  188  13:26  Marauder x2  
  188  13:31  Marauder, Marine  
  166  13:34  Marine x2  
  157  13:47  Marauder  
  157  13:48  Marauder x2  
  152  13:49  Marine x2  
Show
View Real Time Build Order
Export as new Build Order

DnS Protoss 

Build Orders: 1 Gate Expand, Blink Stalkers, Chargelot Immortal 

Get SALT Encoding   

  12  0:00  Probe  
  13  0:12  Probe  
  14  0:17  Pylon  
  14  0:24  Probe (Chrono Boost)  
  15  0:36  Probe (Chrono Boost)  
  15  0:37  Gateway  
  16  0:44  Probe (Chrono Boost)  
  16  0:45  Assimilator  
  17  0:51  Probe  
  18  1:03  Probe  
  19  1:15  Probe  
  20  1:25  Cybernetics Core  
  20  1:34  Nexus  
  20  1:36  Probe  
  21  1:42  Pylon  
  21  1:48  Probe  
  21  1:50  Assimilator  
  22  1:59  Adept (Chrono Boost)  
  22  2:00  Probe  
  23  2:02  Warp Gate  
  25  2:12  Probe  
  26  2:19  Stalker (Chrono Boost)  
  28  2:24  Probe  
  30  2:37  Twilight Council, Probe (Chrono Boost)  
  30  2:46  Stalker  
  30  2:48  Probe (Chrono Boost)  
  34  2:54  Probe (Chrono Boost)  
  34  2:56  Probe (Chrono Boost)  
  35  3:00  Probe (Chrono Boost)  
  35  3:01  Gateway  
  35  3:02  Probe  
  35  3:05  Blink (Chrono Boost)  
  37  3:13  Probe  
  37  3:14  Probe  
  39  3:20  Pylon  
  39  3:25  Probe  
  40  3:27  Probe  
  40  3:28  Robotics Facility  
  41  3:37  Probe  
  41  3:39  Probe  
  43  3:49  Probe  
  43  3:51  Sentry  
  43  3:54  Probe, Nexus  
  47  3:57  Pylon  
  47  4:00  Stalker  
  47  4:01  Phoenix  
  49  4:04  Probe  
  49  4:06  Probe  
  49  4:09  Pylon  
  51  4:12  Assimilator  
  51  4:16  Probe, Observer  
  53  4:18  Stalker  
  53  4:21  Pylon  
  53  4:23  Probe  
  56  4:29  Stalker  
  56  4:30  Probe  
  59  4:34  Pylon  
  59  4:35  Probe  
  60  4:40  Observer  
  60  4:42  Probe  
  62  4:46  Forge  
  62  4:47  Probe  
  63  4:54  Probe  
  63  4:59  Probe  
  63  5:03  Stalker x2  
  63  5:06  Probe  
  68  5:09  Probe  
  68  5:11  Probe  
  70  5:18  Probe  
  70  5:21  Probe, Protoss Ground Weapons Level 1 (Chrono Boost)  
  72  5:23  Probe  
  72  5:27  Immortal  
  77  5:31  Probe  
  77  5:34  Probe  
  77  5:35  Probe  
  80  5:37  Gateway  
  80  5:39  Gateway  
  79  5:43  Probe, Pylon  
  79  5:44  Charge (Chrono Boost)  
  79  5:46  Probe  
  81  5:53  Gateway  
  81  5:55  Gateway  
  81  5:56  Probe, Immortal  
  81  5:57  Probe  
  83  5:58  Probe  
  83  6:02  Pylon  
  84  6:04  Sentry  
  84  6:08  Gateway  
  84  6:09  Gateway  
  84  6:10  Probe  
  91  6:13  Zealot  
  91  6:16  Probe  
  91  6:17  Pylon  
  94  6:23  Photon Cannon  
  94  6:24  Probe  
  92  6:26  Photon Cannon  
  92  6:27  Shield Battery  
  92  6:30  Pylon  
  92  6:32  Probe  
  90  6:35  Probe  
  90  6:36  Probe  
  90  6:38  Stalker, Sentry  
  95  6:44  Probe  
  96  6:47  Stalker x2  
  96  6:54  Immortal  
  104  6:58  Stalker  
  104  7:00  Probe x2  
  106  7:09  Zealot x2  
  103  7:16  Zealot x3  
  103  7:18  Zealot  
  92  7:23  Zealot x3  
  88  7:31  Zealot x2  
  80  7:40  Probe x2  
  80  7:41  Stalker x3  
  71  7:46  Probe  
  71  7:49  Stalker  
  73  7:52  Probe x2  
  75  7:58  Probe  
  75  8:01  Zealot  
  75  8:02  Zealot x2  
  75  8:04  Protoss Ground Armor Level 1 (Chrono Boost)  
  80  8:09  Sentry x2  
  80  8:10  Probe (Chrono Boost)  
  80  8:11  Probe (Chrono Boost)  
  87  8:17  Probe (Chrono Boost)  
  89  8:20  Probe x2 (Chrono Boost)  
  89  8:24  Probe (Chrono Boost)  
  89  8:25  Probe x2 (Chrono Boost)  
  90  8:32  Zealot x3  
  98  8:35  Probe  
  98  8:37  Probe x2  
  101  8:47  Probe  
  101  8:48  Pylon, Sentry, Zealot x3  
  108  8:49  Probe  
  111  8:57  Stalker x2  
  111  8:58  Probe  
  111  9:02  Assimilator  
  116  9:04  Pylon, Assimilator  
  116  9:06  Pylon  
  116  9:08  Immortal (Chrono Boost)  
  120  9:21  Zealot x3  
  125  9:32  Zealot x5  
  133  9:52  Stalker x4  
  131  10:05  Zealot  
  131  10:06  Zealot x2  
  117  10:13  Probe, Warp Prism (Chrono Boost)  
  106  10:15  Protoss Ground Armor Level 2 (Chrono Boost)  
  108  10:23  Stalker x4  
  108  10:27  Pylon  
  108  10:28  Pylon  
  116  10:33  Templar Archives  
  116  10:42  Observer (Chrono Boost)  
  117  10:49  Zealot x6  
  129  11:01  Assimilator  
  129  11:02  Pylon  
  129  11:07  Zealot x2  
  133  11:12  Pylon  
  133  11:13  Pylon  
  133  11:15  Pylon  
  133  11:19  Psionic Storm  
  130  11:33  High Templar x5  
  140  11:40  Probe x3  
  140  11:45  Nexus  
  140  11:46  Pylon  
  143  11:57  Probe x2  
  143  11:58  Probe  
  143  12:00  Forge  
  146  12:05  High Templar  
  146  12:06  High Templar  
  146  12:07  High Templar  
  146  12:08  Zealot x5  
  156  12:11  Probe, Pylon  
  156  12:12  Probe x2  
  159  12:35  Zealot x5  
  167  12:45  Zealot  
  167  12:46  Zealot x2  
  170  13:02  Zealot x5  
  148  13:20  Zealot x3  
  148  13:24  Archon x2  
  144  13:27  Zealot x5  
  116  13:45  Archon  
  104  13:48  Zealot x6  
  104  13:49  Zealot x2  
Tags
 
Add a new tag
Caveats
  • Supply blocks, unpowered buildings, or Contaminate may cause inaccurate times.
  • Supply counts are checked every 10 seconds.